 Dungeon Crawl Stone Soup version 0.22-a0-283-g1871b15 (webtiles) character file.

1033 MatthieuS the Magician (level 8, 0/46 HPs)
             Began as a Tengu Wizard on Mar 17, 2018.
             Slain by an ice beast (5 damage)
             ... while paralysed by an orc wizard
             ... on level 6 of the Dungeon on Mar 18, 2018.
             The game lasted 00:27:29 (7446 turns).

MatthieuS the Magician (Tengu Wizard)               Turns: 7446, Time: 00:27:30

Health: 0/46       AC:  3    Str:  7    XL:     8   Next: 24%
Magic:  8/26       EV:  2    Int: 21    God:
Gold:   265        SH:  0    Dex: 16    Spells: 7/18 levels left

rFire    . . .     SeeInvis .   w - +1 hunting sling
rCold    . . .     Gourm    .   (no shield)
rNeg     . . .     Faith    +   n - +0 leather armour
rPois    .         Spirit   .   b - +0 hat
rElec    .         Reflect  .   (no cloak)
rCorr    .         Harm     .   (no gloves)
MR       .....                  (boots unavailable)
Stlth    ++........             r - amulet of faith {!P}
HPRegen  0.15/turn              g - ring of magical power
MPRegen  0.20/turn              h - +3 ring of dexterity

@: paralysed, lethally poisoned (0 -> -3), very slightly contaminated, slowed
A: beak, talons 3, able to fly 1
a: Fly


You were on level 6 of the Dungeon.
You were not hungry.

You visited 2 branches of the dungeon, and saw 7 of its levels.

You collected 265 gold pieces.

Inventory:

Hand Weapons
 a - a +0 dagger
   (You took it off an orc wizard on level 3 of the Dungeon)
 w - a +1 hunting sling (weapon)
   (You found it on level 1 of the Dungeon)
Missiles
 f - 118 stones
 m - 66 sling bullets (quivered)
Armour
 b - a +0 hat (worn)
 i - a +0 robe
 n - a +0 leather armour (worn)
   (You found it on level 1 of the Dungeon)
Jewellery
 g - a ring of magical power (left hand)
   (You took it off a goblin on level 2 of the Dungeon)
 h - a +3 ring of dexterity (right hand)
   (You found it on level 6 of the Dungeon)
 r - an amulet of faith (around neck) {!P}
   (You found it on level 2 of the Dungeon)
Scrolls
 j - a scroll of immolation {!r}
 k - 2 scrolls of teleportation {@r4}
 l - 2 scrolls of enchant armour
 x - a scroll of remove curse {@r2}
Potions
 c - a potion of invisibility {unknown}
 p - a potion of haste {@q3}
 q - 2 potions of curing {@q1}
 s - a potion of degeneration {unknown}
 t - 2 potions of heal wounds {@q2}
 u - a potion of brilliance
Comestibles
 d - 4 chunks of flesh
 e - 4 rations


   Skills:
 + Level 3.0 Fighting
 + Level 3.1 Armour
 - Level 3.1 Dodging
 - Level 2.4 Stealth
 * Level 5.7 Spellcasting
 + Level 5.0 Conjurations
 + Level 2.9 Summonings
 - Level 0.7 Translocations
 + Level 3.3 Fire Magic


You had 7 spell levels left.
You knew the following spells:

 Your Spells              Type           Power        Failure   Level  Hunger
a - Magic Dart            Conj           ####         1%          1    None
b - Call Imp              Summ           ###.....     6%          2    None
c - Blink                 Tloc           N/A          17%         2    None
d - Conjure Flame         Conj/Fire      ###.....     8%          3    ##.....
e - Mephitic Cloud        Conj/Pois/Air  ##......     22%         3    ##.....


Dungeon Overview and Level Annotations

Branches:
Dungeon (6/15)             Temple (1/1) D:5

Altars:
Cheibriados
Dithmenos
Elyvilon
Fedhas
Gozag
Hepliaklqana
Kikubaaqudgha
Makhleb
Nemelex Xobeh
Qazlal
Ru
Trog
Wu Jian
Xom
Yredelemnul
Zin
The Shining One

Annotations:
D:6 Caerwyn's ghost, novice CeHu


Innate Abilities, Weirdness & Mutations

You have a beak for a mouth.
You have claws for feet.
You can fly.


Message History

The magic dart hits the orc warrior.
Aim: an orc warrior, wielding a short sword and wearing a plate armour (moderately wounded)
The magic dart hits the orc warrior.
An ice beast comes into view.
Aim: an orc warrior, wielding a short sword and wearing a plate armour (moderately wounded)
The magic dart hits the orc warrior.
Aim: an orc warrior, wielding a short sword and wearing a plate armour (moderately wounded)
The magic dart hits the orc warrior.
The orc wizard mumbles some strange words.
The orc wizard blinks!
The orc wizard casts a spell at you. You resist with some effort.
The orc wizard zaps a wand.
You resist with some effort.
Caerwyn's ghost hits something.
The orc wizard zaps a wand.
You resist with some effort.
Caerwyn's ghost hits something but does no damage.
A beastly little devil appears in a puff of flame.
The orc wizard casts a spell at you. The magic dart hits you!
The orc wizard hits you with a dagger of venom.
You are poisoned.
You feel sick.
Your crimson imp hits the orc wizard.
Things that are here:
a short sword; a chain mail A metallic apparition takes form in the air.
You feel sick.
The orc wizard gestures wildly while chanting.
The orc wizard blinks!
The orc wizard points at you and mumbles some strange words.
You feel yourself slow down.
Your crimson imp blinks!
You feel sick.
Your crimson imp blinks!
The orc wizard zaps a wand.
You suddenly lose the ability to move!
The ice beast hits you. The ice beast freezes you!
* * * LOW HITPOINT WARNING * * *
The ice beast hits you.
* * * LOW HITPOINT WARNING * * *
The ice beast freezes you!
* * * LOW HITPOINT WARNING * * *
The orc wizard points at you and mumbles some strange words.
You resist with some effort.
You feel sick.
The orc wizard gestures at you while chanting.
The magic dart hits your iron imp. The ice beast hits you.
* * * LOW HITPOINT WARNING * * *
The ice beast freezes you.
You die...

#.......##.####
#......###.#
#......###..
#.....5.####.
#######.#######
#..##...# ##.o#...#
##.5..### ###@...##
##Y#..# ## .
#o##.##.# ...
...####W##..#.#!....
...Y....§o(....(#
...###W#####..#?....
#.. #....)... ..PP
......... ....≈
##.....#


You could see an ice beast, an orc wizard, Caerwyn's ghost, an orc, a friendly
iron imp and a friendly crimson imp.

Vanquished Creatures
  The ghost of Stello111 the Charmwright, an amateur GnSk (D:3)
  Duvessa (D:6)
  A bullfrog (D:6)
  A scorpion (D:4)
  A howler monkey (D:4)
  A crimson imp (D:3)
  2 orc priests (D:3)
  2 hounds
  A bullfrog skeleton (D:4)
  An iguana (D:6)
  Terence (D:3)
  2 orc wizards
  A worker ant (D:4)
  5 adders
  2 gnolls (D:2)
  An ooze (D:2)
  3 worms (D:2)
  A leopard gecko (D:2)
  7 orcs
  3 ball pythons
  10 bats
  8 giant cockroaches
  4 goblins
  6 hobgoblins
  8 kobolds
  4 frilled lizards
  A quokka skeleton (D:4)
  5 rats
84 creatures vanquished.

Vanquished Creatures (collateral kills)
  A hungry ghost (D:4)
  A phantom (D:4)
  An ogre (D:6)
  A jelly (D:5)
  An orc priest (D:4)
  2 worker ants (D:4)
  5 gnolls
  2 adders
  An ooze (D:3)
  5 orcs
  A giant cockroach (D:4)
  A hobgoblin (D:1)
  A frilled lizard (D:4)
  A rat (D:1)
24 creatures vanquished.

Grand Total: 108 creatures vanquished

Notes
Turn   | Place    | Note
-------+----------+-------------------------------------------
     0 | D:1      | MatthieuS the Tengu Wizard began the quest for the Orb.
     0 | D:1      | Reached XP level 1. HP: 10/10 MP: 5/5
   247 | D:1      | Reached XP level 2. HP: 15/15 MP: 5/7
   251 | D:1      | Learned a level 2 spell: Call Imp
   254 | D:1      | Learned a level 2 spell: Blink
  1163 | D:1      | Reached XP level 3. HP: 19/19 MP: 1/8
  1581 | D:1      | Learned a level 3 spell: Conjure Flame
  2114 | D:2      | Found a hazy altar of Hepliaklqana.
  2159 | D:2      | Reached XP level 4. HP: 24/24 MP: 1/10
  2444 | D:2      | Reached skill level 1 in Fire Magic
  2485 | D:2      | Reached skill level 1 in Fighting
  2555 | D:2      | Gained mutation: You can fly. [Tengu growth]
  2555 | D:2      | Reached XP level 5. HP: 19/29 MP: 0/11
  2723 | D:2      | Found an opulent altar of Gozag.
  2905 | D:2      | Found a burning altar of Makhleb.
  2910 | D:2      | Upgraded the game from 0.22-a0-282-gdd34a7d to 0.22-a0-283-g1871b15
  3009 | D:3      | Learned a level 3 spell: Mephitic Cloud
  3122 | D:3      | Found a shimmering altar of Xom.
  3217 | D:3      | Found a sacrificial altar of Ru.
  3552 | D:3      | Noticed Terence
  3575 | D:3      | Killed Terence
  3814 | D:3      | Reached skill level 1 in Armour
  3823 | D:3      | Reached XP level 6. HP: 26/34 MP: 4/13
  4140 | D:3      | Noticed Stello111's ghost (amateur GnSk)
  4318 | D:3      | Killed Stello111's ghost
  4955 | D:4      | Reached XP level 7. HP: 21/40 MP: 13/15
  5197 | D:4      | Noticed a hungry ghost
  5266 | D:4      | Killed a hungry ghost
  5266 | D:4      | Reached skill level 5 in Spellcasting
  6026 | D:4      | Found a white marble altar of Elyvilon.
  6040 | D:5      | Entered Level 5 of the Dungeon
  6134 | D:5      | Found a staircase to the Ecumenical Temple.
  6141 | Temple   | Entered the Ecumenical Temple
  6333 | D:5      | Found a burning altar of Makhleb.
  6333 | D:5      | Found a sparkling altar of Nemelex Xobeh.
  7021 | D:6      | Noticed Caerwyn's ghost (novice CeHu)
  7101 | D:6      | Reached XP level 8. HP: 45/45 MP: 15/17
  7229 | D:6      | Noticed Duvessa
  7284 | D:6      | Killed Duvessa
  7284 | D:6      | Reached skill level 5 in Conjurations
  7444 | D:6      | Paralysed by an orc wizard for 4 turns
  7446 | D:6      | Slain by an ice beast

Vault maps used:
D:1:      eino_arrival_cavern_a, serial_forest, infiniplex_forest_straight_2,
          infiniplex_forest_clump_diagonal, infiniplex_forest_lined_3,
          infiniplex_forest_diagonal, infiniplex_forest_lined_2,
          infiniplex_forest_pool, minmay_fountain_box, interstate_on_off,
          minmay_ruptured
D:2:      lightli_temple_of_fire, lemuel_round_altar, grunt_gozag_statues,
          serial_forest, infiniplex_forest_zigzag_1, infiniplex_forest_corner_1,
          infiniplex_forest_diagonal, infiniplex_forest_lined_ring,
          infiniplex_forest_clump_long, infiniplex_forest_clump_diagonal,
          infiniplex_forest_clump_double, hangedman_decor_peaks_small,
          makhleb_altar_promises_db
D:3:      lemuel_crystal_altar, nicolae_ru_great_annihilating_truth,
          minmay_hedge_maze, uniq_terence
D:4:      kennysheep_mini_moat, first_ration
D:5:      nemelex_xobeh_ov_fountains_minmay, temple_fountains, basic_altar
D:6:      old_standard_altar, tgw_sif, minmay_liquid_box, serial_bayou_pond_c,
          minmay_misc_feat_doors, uniq_duvessa
Temple:   compressed_dpeg_circular_temple

Skill      XL: |  1  2  3  4  5  6  7  8 |
---------------+-------------------------+-----
Conjurations   | 2 3 4 5 |  5.0
Fire Magic     | 1 2 3 |  3.3
Fighting       | 1 2 3 |  3.0
Dodging        | 3 |  3.1
Spellcasting   | 4 5 |  5.7
Armour         | 1 2 3 |  3.1
Summonings     | 2 |  2.9
Stealth        | |  2.4
Translocations | |  0.7

Action                   |  1- 3 |  4- 6 |  7- 9 || total
-------------------------+-------+-------+-------++-------
Melee: Dagger            |       |    91 |       ||    91
       Kick              |       |    33 |       ||    33
       Peck              |       |    25 |       ||    25
 Fire: Hunting sling     |    68 |   128 |    76 ||   272
 Cast: Magic Dart        |    54 |    89 |    57 ||   200
       Call Imp          |     3 |    28 |    45 ||    76
       Conjure Flame     |     1 |     5 |    10 ||    16
       Blink             |     1 |     3 |       ||     4
       Mephitic Cloud    |       |     1 |       ||     1
  Use: Potion            |       |     2 |     3 ||     5
       Scroll            |       |     5 |     5 ||    10
  Eat: Ration            |     1 |     1 |     2 ||     4
       Chunk             |     1 |     6 |     8 ||    15
Armor: Robe              |     4 |       |       ||     4
       Leather armour    |    14 |    20 |    11 ||    45
Dodge: Dodged            |    45 |    64 |    28 ||   137

Table legend:
 A = Spawn XP
 B = Non-spawn XP
 C = Spawn XP percentage of total XP
 D = Spawn monster count
 E = Non-spawn monster count
 F = Spawn count percentage of total count
 G = Total turns spent on level
                    A         B        C        D         E        F      G
               +---------+---------+-------+---------+---------+-------+---------
         Total |       0 |    1476 |   0.0 |       0 |     108 |   0.0 |  7446
               +---------+---------+-------+---------+---------+-------+---------
           D:1 |       0 |      37 |   0.0 |       0 |      21 |   0.0 |  1816
           D:2 |       0 |     141 |   0.0 |       0 |      25 |   0.0 |  1170
           D:3 |       0 |     368 |   0.0 |       0 |      29 |   0.0 |  1787
           D:4 |       0 |     499 |   0.0 |       0 |      20 |   0.0 |  1267
           D:5 |       0 |      85 |   0.0 |       0 |       7 |   0.0 |   871
           D:6 |       0 |     346 |   0.0 |       0 |       6 |   0.0 |   387
               +---------+---------+-------+---------+---------+-------+---------
